 Dungeon Crawl Stone Soup version 0.29.1-15-g9cfb28693d (webtiles) character file.

Game seed: 11606476625625543187

53 Ast3rio the Poker (level 3, -6/33 HPs)
             Began as a Minotaur Berserker on Mar 14, 2023.
             Was a Believer of Trog.
             Killed by nerve-wracking pain
             ... invoked by Grinder
              (12 damage)
             ... on level 3 of the Dungeon.
             The game lasted 00:02:45 (1547 turns).

Ast3rio the Poker (Minotaur Berserker)              Turns: 1547, Time: 00:02:46

Health: -6/33      AC:  3    Str: 23    XL:     3   Next: 62%
Magic:  2/2        EV: 12    Int:  4    God:    Trog [**....]
Gold:   177        SH:  0    Dex:  9    Spells: 2/2 levels left

rFire   . . .      SeeInvis .   a - +0 spear
rCold   + . .      Faith    .   (no shield)
rNeg    . . .      Spirit   .   f - +0 leather armour {rC+}
rPois   .          Reflect  .   (helmet restricted)
rElec   .          Harm     .   (no cloak)
rCorr   .          Rampage  .   (no gloves)
Will    .....                   (no boots)
Stlth   +.........              (no amulet)
HPRegen 0.11/turn               (no ring)
MPRegen 0.08/turn               (no ring)

@: no status effects
A: horns 2, retaliatory headbutt
a: Renounce Religion, Berserk, Trog's Hand


You were on level 3 of the Dungeon.
You worshipped Trog.
Trog was pleased with you.
You visited 1 branch of the dungeon, and saw 3 of its levels.

You collected 177 gold pieces.

Inventory:

Hand Weapons
 a - a +0 spear (weapon)
Armour
 b - a +0 animal skin
 f - a +0 leather armour of cold resistance (worn)
Jewellery
 e - an amulet of reflection
Scrolls
 d - a scroll of summoning {unknown}
 g - 6 scrolls of identify {unknown}
 j - a scroll of teleportation {unknown}
 k - 2 scrolls of enchant armour {unknown}
 m - a scroll of magic mapping {unknown}
Potions
 c - 4 potions of curing {unknown}
 h - a potion of flight {unknown}
 i - a potion of attraction {unknown}
 l - a potion of lignification {unknown}
 n - 2 potions of brilliance {unknown}


   Skills:
 + Level 4.2 Fighting
 + Level 4.2 Polearms
 + Level 3.2 Armour
 + Level 2.9 Dodging


You had 2 spell levels left.
You didn't know any spells.
Your spell library was empty.

Dungeon Overview and Level Annotations

Branches:
Dungeon (3/15)

Altars:

Shops:
D:1 :(

Annotations:
D:3 Grinder


Innate Abilities, Weirdness & Mutations

You have a pair of horns on your head.
You reflexively headbutt those who attack you in melee.


Message History

You hit Grinder. You headbutt Grinder!
Grinder is moderately wounded.
Grinder gestures at you. Pain shoots through your body!
You closely miss Grinder. You headbutt Grinder!
Grinder is heavily wounded.
Grinder hits you!
You writhe in agony.
* * * LOW HITPOINT WARNING * * *
You are too injured to fight recklessly!
You are too injured to fight recklessly!
You are too injured to fight recklessly!
You are too injured to fight recklessly!
Grinder barely misses you. You furiously retaliate!
You headbutt Grinder. You hit Grinder. Your headbutt misses Grinder.
Grinder is severely wounded.
Grinder gestures at you. You resist with significant effort.
You hit Grinder. You headbutt Grinder, but do no damage.
Grinder is severely wounded.
You closely miss Grinder.
Grinder is severely wounded.
Grinder gestures at you. You resist with significant effort.
You barely miss Grinder. Your headbutt misses Grinder.
Grinder is severely wounded.
The orc hits you with a +0 club.
* * * LOW HITPOINT WARNING * * *
Grinder barely misses you.
You hit Grinder but do no damage.
Grinder is severely wounded.
The orc hits you with a +0 club.
* * * LOW HITPOINT WARNING * * *
Grinder barely misses you.
You closely miss Grinder.
Grinder is severely wounded.
The orc completely misses you.
Grinder says, "I used to sell toenails on the black market."
Grinder gestures at you. Pain shoots through your body!
You die...

.....#.###.#
#####..#.....#
......†..#####
#.#.#.#..#
.........#
#.#.#.#..###
#..........#
#.#.#.#.##.##
#.......##@5#
#.......##o.....#
#.##### #.#.#..#
.. #......#
..#.#..# .......#
.......#
........#


You could see Grinder and an orc.

Vanquished Creatures
  A worm (D:2)
  A dart slug (D:2)
  3 endoplasms
  2 giant cockroaches
  2 goblins (D:1)
  6 hobgoblins
  2 jackals (D:2)
  6 quokkas (D:1)
  5 ball pythons
  7 bats
  3 frilled lizards (D:1)
  7 rats
45 creatures vanquished.

Notes
Turn   | Place    | Note
-------+----------+-------------------------------------------
     0 | D:1      | Ast3rio the Minotaur Berserker began the quest for the Orb.
     0 | D:1      | Reached XP level 1. HP: 19/19 MP: 0/0
   135 | D:1      | Reached XP level 2. HP: 21/27 MP: 1/1
   556 | D:1      | Found Jonuj's Weapon Shop.
   632 | D:1      | Found Touliteaff's Book Emporium.
   656 | D:1      | Reached ** piety under Trog
   665 | D:1      | Found a faded altar of an unknown god.
   674 | D:1      | Reached XP level 3. HP: 32/33 MP: 2/2
  1533 | D:3      | Noticed Grinder
  1547 | D:3      | Killed from afar by Grinder

Illustrated notes

Levels and vault maps discovered:
D:1:      nzn_arrival_water_spiral, layout_basic,
          shapermc_ecumenical_altar_starsandcircs, serial_shops,
          nicolae_diamond_shop, nicolae_shop_bloodbath_and_beyond
D:2:      layout_rooms, nicolae_concentric_dashed_squares_mild
D:3:      layout_basic, serial_glass, glass_columns_a, glass_columns_a,
          glass_columns_b, glass_columns_b, glass_columns_b, glass_columns_a,
          glass_columns_a, glass_columns_a, glass_columns_a, glass_columns_c,
          uniq_sigmund, uniq_grinder

Skill      XL: |  1  2 |
---------------+-------+-----
Fighting       | 4 |  4.2
Polearms       | 4 |  4.2
Armour         | 3 |  3.2
Dodging        | |  2.9

Action                   || total
-------------------------++-------
Melee: Spear             ||   112
       Headbutt          ||    15
Invok: Berserk           ||     1
 Stab: Sleeping          ||     1
Armor: Animal skin       ||     5
       Leather armour    ||    15
Dodge: Dodged            ||    53
